 Dungeon Crawl Stone Soup version 0.23.0-3-gf3c87f2df8 (webtiles) character file.

Game seed: 12934003511035554442

55748 Esekla the Fencer (level 14, -11/118 HPs)
             Began as a Deep Dwarf Abyssal Knight on Feb 21, 2019.
             Was the Champion of Lugonu.
             Killed by the air
             ... invoked by a blizzard demon
              (19 damage)
             ... in an ice cave on Feb 22, 2019.
             The game lasted 04:09:46 (20266 turns).

Esekla the Fencer (Deep Dwarf Abyssal Knight)      Turns: 20266, Time: 04:09:46

Health: -11/118    AC: 25    Str: 22    XL:     14   Next: 39%
Magic:  13/13      EV: 14    Int: 13    God:    Lugonu [******]
Gold:   1748       SH:  8    Dex: 17    Spells: 8/20 levels left

rFire    . . .     SeeInvis .   a - +4 falchion (vamp)
rCold    + . .     Gourm    .   g - +1 buckler
rNeg     + . .     Faith    .   n - +7 chain mail "Xosm" {Dex+4 Slay+2}
rPois    .         Spirit   .   B - +2 hat
rElec    .         Reflect  .   (no cloak)
rCorr    .         Harm     .   A - +0 pair of gloves
MR       +++..                  y - +0 pair of boots
Stlth    +.........             (no amulet)
HPRegen  0.00/turn              w - ring of protection from cold
MPRegen  0.13/turn              N - +4 ring of strength

@: non-regenerating, studying Stealth
A: damage resistance, heal wounds, rugged brown scales 1, dopey 1, magic
resistance 1, negative energy resistance 1, sense surroundings 2, no
regeneration
a: Heal Wounds, Depart the Abyss, Bend Space, Banish, Corrupt, Enter the Abyss,
Renounce Religion


You were in an ice cave.
You worshipped Lugonu.
Lugonu was exalted by your worship.
You were not hungry.

You visited 5 branches of the dungeon, and saw 22 of its levels.
You visited the Abyss 1 time.
You also visited: Ice Cave.

You collected 1748 gold pieces.

Inventory:

Hand Weapons
 a - a +4 vampiric falchion (weapon)
 v - a +2 vampiric dagger
 K - a +4 dagger of distortion
 O - a +1 short sword of venom
Missiles
 e - 6 tomahawks (quivered)
Armour
 g - a +1 buckler (worn)
 n - the +7 chain mail "Xosm" (worn) {Dex+4 Slay+2}
   (You found it on level 5 of the Dungeon)

   It affects your dexterity (+4).
   It affects your accuracy and damage with ranged weapons and melee attacks
   (+2).
 q - the +2 robe of Xohemm {rN+ Regen+ SInv}
   (You found it on level 3 of the Lair of Beasts)

   It protects you from negative energy.
   It lets you see invisible.
   It increases your rate of regeneration.
 y - a +0 pair of boots (worn)
 A - a +0 pair of gloves (worn)
 B - a +2 hat (worn)
 L - a +1 scale mail of cold resistance
Jewellery
 w - a ring of protection from cold (left hand)
 E - a +5 ring of dexterity
 I - an uncursed ring of magical power
 J - an uncursed ring of teleportation
 M - a +1 ring of evasion
 N - a +4 ring of strength (right hand)
 P - an uncursed ring of flight
 Y - an uncursed ring of fire
Wands
 s - a wand of paralysis (22)
 D - a wand of digging (7)
 T - a wand of clouds (4)
 V - a wand of polymorph (10)
 X - a wand of iceblast (5)
Scrolls
 b - 2 scrolls of magic mapping
 j - 7 scrolls of remove curse
 k - 5 scrolls of teleportation
 l - 2 scrolls of enchant armour
 p - 5 scrolls of amnesia
 F - 3 scrolls of holy word
 H - 3 scrolls of fear
 Q - 2 scrolls of fog
 S - 2 scrolls of brand weapon
 U - 9 scrolls of identify
 W - 3 scrolls of noise
Potions
 f - 10 potions of curing
 i - 2 potions of resistance
 m - 2 potions of invisibility
 o - 2 potions of might
 r - 2 potions of haste
 t - a potion of lignification
 u - a potion of berserk rage
 x - 5 potions of brilliance
 z - a potion of agility
 C - a potion of cancellation
 G - 2 potions of flight
Books
 R - a manual of Stealth
Comestibles
 c - 11 rations


   Skills:
 + Level 4.7 Fighting
 + Level 1.4(9.4) Short Blades
 + Level 15.1 Long Blades
 + Level 4.1 Throwing
 + Level 11.8 Armour
 * Level 9.5 Dodging
 * Level 9.4 Stealth
 + Level 10.3 Shields
 * Level 3.5 Spellcasting
 * Level 3.4 Hexes
 * Level 2.2 Charms
 * Level 1.4 Air Magic
 * Level 5.8 Invocations
 + Level 0.4 Evocations


You had 8 spell levels left.
You knew the following spells:

 Your Spells              Type           Power        Failure   Level  Hunger
a - Corona                Hex            ##.....      30%         1    #......
b - Silence               Hex/Air        #.........   100%        5    ######.
d - Deflect Missiles      Chrm/Air       #.........   100%        6    #######

Your spell library contained the following spells:

 Spells                   Type           Power        Failure   Level  Hunger
 Confusing Touch          Hex            ##....       30%         1    #......
 Slow                     Hex            ##......     41%         2    ##.....
 Confuse                  Hex            ##......     65%         3    ###....
 Freeze                   Ice            #...         77%         1    #......
 Inner Flame              Hex/Fire       #.......     87%         3    ###....
 Portal Projectile        Hex/Tloc       #.....       87%         3    ###....
 Throw Frost              Conj/Ice       #.....       88%         2    ##.....
 Ozocubu's Armour         Chrm/Ice       #.......     92%         3    ###....
 Cause Fear               Hex            ##........   96%         4    #####..
 Gell's Gravitas          Tloc           #.........   98%         3    ###....
 Ignite Poison            Fire/Tmut/Pois #.......     98%         3    ###....
 Leda's Liquefaction      Hex/Erth       #.........   99%         4    #####..
 Petrify                  Tmut/Erth      #.......     100%        4    #####..
 Summon Ice Beast         Ice/Summ       #.......     100%        4    #####..
 Summon Lightning Spire   Summ/Air       #.......     100%        4    #####..
 Throw Icicle             Conj/Ice       #.......     100%        4    #####..
 Fireball                 Conj/Fire      #.........   100%        5    ######.
 Metabolic Englaciation   Hex/Ice        #.........   100%        5    ######.
 Yara's Violent Unravell  Hex/Tmut       #.........   100%        5    ######.
 Bolt of Fire             Conj/Fire      #.........   100%        6    #######
 Conjure Ball Lightning   Conj/Air       #.........   100%        6    #######
 Ring of Flames           Chrm/Fire      #.........   100%        7    #######
 Ignition                 Fire           #.........   100%        8    #######
 Tornado                  Air            #.........   100%        9    #######


Dungeon Overview and Level Annotations

Branches:
Dungeon (13/15)            Temple (0/1) D:7            Lair (6/6) D:9
  Swamp (1/4) Lair:3       Spider (1/4) Lair:3        Slime (1/5) Lair:5
    Orc (0/2) D:11
 Vaults: D:13-14

Altars:
Fedhas
Hepliaklqana
Kikubaaqudgha
Qazlal
Trog
Yredelemnul

Shops:
D:12 [


Innate Abilities, Weirdness & Mutations

You are resistant to damage.
You can heal yourself by infusing magical energy.
You resist negative energy. (rN+)
You passively map the area around you.
You do not regenerate.
You are partially covered in rugged brown scales. (AC +1, +3% HP)
You are dopey. (Int -2)
You are resistant to hostile enchantments. (MR+)


Message History

The blizzard demon closely misses you.
You riposte.
You slash the blizzard demon!
The blizzard demon is heavily wounded.
The blizzard demon hits you!
You hit the blizzard demon.
The blizzard demon is heavily wounded.
The blizzard demon hits you! The blizzard demon closely misses you.
You hit the blizzard demon.
The blizzard demon is severely wounded.
You hit the blizzard demon.
The blizzard demon is severely wounded.
The blizzard demon gestures at you. The bolt of lightning hits you!!!
* * * LOW HITPOINT WARNING * * *
The bolt of lightning misses you.
The bolt of lightning hits the blizzard demon.
The blizzard demon completely resists.
The blizzard demon waves its arms in wide circles.
The air twists around and strikes you!
You die...

#≈≈≈≈≈≈≈≈### * ≈≈≈≈≈≈≈≈≈##
, ≈≈≈#≈≈#≈≈≈######* ** *
#≈≈≈#####≈≈≈≈≈≈#### ,##
≈≈≈##...###≈≈≈≈≈≈≈### ..###
≈≈#≈..##..##≈≈≈≈≈≈≈≈##.(..#
#≈≈.#####..##≈≈≈≈≈≈##.....#
#####..#..##########.(((#**
.###.#..#...##..@##..(#
⌠.#.########...##.2(#*
.#.## ########## ####


You could see a blizzard demon.

Vanquished Creatures
  3 hydras
  A centaur warrior (D:10)
  A two-headed ogre (D:12)
  Urug (Lair:3)
  Sonja (Lair:2)
  An unseen horror (D:12)
  Pikel (D:5)
  4 ugly things
  A deep elf mage (D:11)
  3 wolf spiders (Spider:1)
  3 elephants
  A cyclops (D:13)
  A torpor snail (Lair:5)
  4 black mambas
  An ice statue (IceCv)
  8 spiny frogs
  7 komodo dragons
  6 ice devils (IceCv)
  2 freezing wraiths (IceCv)
  2 anaconda simulacra (IceCv)
  2 demonic crawlers (Spider:1)
  A golden dragon simulacrum (IceCv)
  5 polar bears
  A troll (D:10)
  A jumping spider (Spider:1)
  A queen bee (D:11)
  16 blink frogs
  10 hippogriffs
  7 dream sheep
  7 hornets
  A bog body (Lair:3)
  Sigmund (D:6)
  2 wyverns
  3 redbacks (Spider:1)
  14 spriggans
  3 tarantellas (Spider:1)
  A dire elephant simulacrum (IceCv)
  Eustachio (D:5)
  A wraith (D:10)
  35 yaks
  A hungry ghost (D:11)
  3 basilisks
  3 golden eyes (Lair:5)
  3 harpy simulacra (IceCv)
  A soldier ant (D:11)
  15 water moccasins
  4 hydra simulacra (IceCv)
  3 porcupines
  4 black bears
  5 ice beasts
  An eye of draining (D:10)
  A hornet zombie (D:9)
  12 orc warriors
  4 sky beasts
  4 phantoms
  3 ettin simulacra (IceCv)
  2 necrophages (D:7)
  5 boggarts
  30 wolves
  15 crocodiles
  4 centaurs
  7 ogres
  3 big kobolds
  20 bullfrogs
  A water moccasin zombie (D:9)
  6 scorpions
  A swamp dragon simulacrum (IceCv)
  17 killer bees
  2 howler monkeys (D:8)
  2 draconian simulacra (IceCv)
  A quasit (D:10)
  7 crimson imps
  3 bullfrog zombies
  5 hounds
  11 orc priests
  3 jellies (D:8)
  4 centaur skeletons
  Jessica (D:3)
  7 iguanas
  9 orc wizards
  4 troll simulacra (IceCv)
  8 worker ants
  A polar bear simulacrum (IceCv)
  A spriggan simulacrum (IceCv)
  2 wolf simulacra (IceCv)
  A centaur simulacrum (IceCv)
  2 worker ant zombies
  A howler monkey skeleton (D:8)
  6 adders
  A naga simulacrum (IceCv)
  2 ogre simulacra (IceCv)
  A shadow imp (D:9)
  3 white imps (IceCv)
  6 ufetubi (IceCv)
  7 oozes
  An adder zombie (D:7)
  An adder skeleton (D:4)
  4 worms
  6 leopard geckos
  67 orcs
  A ball python (D:1)
  3 giant cockroaches
  6 goblins
  6 hobgoblins
  4 jackals
  6 quokkas
  4 bats
  5 frilled lizards
  A jackal skeleton (D:7)
  17 kobolds
  A leopard gecko skeleton (D:6)
  A quokka zombie (D:5)
  8 rats
  4 plants (Lair:4)
590 creatures vanquished.

Vanquished Creatures (others)
  A blizzard demon (IceCv)
  2 spiny frogs (Lair:3)
  A hippogriff (Lair:6)
  A centaur zombie (D:5)
  An adder (D:5)
  An ufetubus (IceCv)
  9 fungi
  7 plants (Lair:6)
23 creatures vanquished.

Grand Total: 613 creatures vanquished

Notes
Turn   | Place    | Note
-------+----------+-------------------------------------------
     0 | Abyss:1  | Esekla the Deep Dwarf Abyssal Knight began the quest for
                  | the Orb.
     0 | Abyss:1  | Reached XP level 1. HP: 20/20 MP: 2/2
    67 | Abyss:2  | Noticed a hungry ghost
    74 | Abyss:2  | Noticed a hell hound
    74 | Abyss:2  | Noticed a hell hound
    74 | Abyss:2  | Noticed a hell hound
    78 | D:1      | Escaped the Abyss
   329 | D:1      | Reached * piety under Lugonu
   329 | D:1      | Reached XP level 2. HP: 21/27 MP: 4/4
  1014 | D:2      | Reached XP level 3. HP: 23/33 MP: 5/5
  1080 | D:2      | Reached skill level 3 in Long Blades
  1081 | D:2      | HP: 1/33 [worm (9)]
  1235 | D:2      | Reached ** piety under Lugonu
  1752 | D:3      | Noticed Jessica
  1757 | D:3      | Killed Jessica
  1757 | D:3      | Reached skill level 1 in Shields
  1757 | D:3      | Reached XP level 4. HP: 16/40 MP: 6/6
  2133 | D:2      | Found a blossoming altar of Fedhas.
  2136 | D:2      | Found a basalt altar of Yredelemnul.
  2139 | D:2      | Found a stormy altar of Qazlal.
  2611 | D:4      | Reached skill level 4 in Long Blades
  2611 | D:4      | Reached XP level 5. HP: 43/46 MP: 7/7
  2715 | D:4      | Noticed an ogre
  2727 | D:4      | Killed an ogre
  2926 | D:4      | Reached XP level 6. HP: 50/55 MP: 7/7
  3311 | D:4      | Reached skill level 5 in Long Blades
  3390 | D:5      | Entered Level 5 of the Dungeon
  3441 | D:5      | Noticed a slave
  3441 | D:5      | Noticed a slave
  3441 | D:5      | Noticed a slave
  3441 | D:5      | Noticed a slave
  3441 | D:5      | Noticed Pikel
  3478 | D:5      | Noticed an ice beast
  3496 | D:5      | Killed an ice beast
  3496 | D:5      | Reached XP level 7. HP: 33/61 MP: 9/9
  3526 | D:5      | Got a spiked chain mail
  3536 | D:5      | Reached *** piety under Lugonu
  3540 | D:5      | Found a bloodstained altar of Trog.
  3593 | D:4      | Reached skill level 6 in Long Blades
  3623 | D:4      | Identified the +7 chain mail "Xosm" {Dex+4 Slay+2} (You
                  | found it on level 5 of the Dungeon)
  3701 | D:5      | Killed Pikel
  3701 | D:5      | Reached skill level 7 in Long Blades
  3701 | D:5      | Reached skill level 5 in Armour
  3701 | D:5      | Reached skill level 5 in Invocations
  3701 | D:5      | Reached XP level 8. HP: 44/68 MP: 9/9
  4011 | D:5      | Noticed Eustachio
  4023 | D:5      | Killed Eustachio
  4361 | D:6      | Noticed Sigmund
  4386 | D:6      | Killed Sigmund
  4386 | D:6      | Reached skill level 8 in Long Blades
  4800 | D:7      | Noticed a hippogriff
  4813 | D:7      | Killed a hippogriff
  4813 | D:7      | Gained mutation: You passively map the area around you.
                  | [Deep Dwarf growth]
  4813 | D:7      | Reached XP level 9. HP: 61/73 MP: 10/10
  4887 | D:7      | Reached skill level 1 in Throwing
  4907 | D:7      | Reached skill level 9 in Long Blades
  5056 | D:6      | Found an ancient bone altar of Kikubaaqudgha.
  5413 | D:7      | Found a hazy altar of Hepliaklqana.
  5491 | D:7      | Found a staircase to the Ecumenical Temple.
  5744 | D:7      | Gained mutation: You are dopey. (Int -2) [potion of
                  | mutation]
  5744 | D:7      | Gained mutation: You expend magic power (3 MP) to
                  | strengthen your wands. [potion of mutation]
  5745 | D:7      | Lost mutation: You expend magic power (3 MP) to strengthen
                  | your wands. [potion of mutation]
  5745 | D:7      | Gained mutation: You are resistant to hostile enchantments.
                  | (MR+) [potion of mutation]
  5745 | D:7      | Gained mutation: You are partially covered in rugged brown
                  | scales. (AC +1, +3% HP) [potion of mutation]
  5808 | D:7      | Reached skill level 5 in Shields
  5971 | D:8      | Reached skill level 10 in Long Blades
  5976 | D:8      | Reached **** piety under Lugonu
  6404 | D:8      | Reached ***** piety under Lugonu
  6451 | D:8      | Found a bloodstained altar of Trog.
  6700 | D:9      | Reached XP level 10. HP: 76/82 MP: 11/11
  6906 | D:9      | Learned a level 3 spell: Ozocubu's Armour
  6910 | D:9      | Found a staircase to the Lair.
  6940 | D:9      | Reached skill level 5 in Dodging
  6948 | D:9      | Reached skill level 11 in Long Blades
  7271 | D:9      | Noticed a purple ugly thing
  7285 | D:9      | Killed a purple ugly thing
  7402 | Lair:1   | Entered Level 1 of the Lair of Beasts
  7790 | D:10     | Entered Level 10 of the Dungeon
  8034 | D:10     | Reached skill level 12 in Long Blades
  8189 | D:10     | Reached XP level 11. HP: 89/89 MP: 13/13
  8456 | D:10     | Noticed a centaur warrior
  8478 | D:10     | Killed a centaur warrior
  8693 | D:11     | Reached ****** piety under Lugonu
  8732 | D:11     | Noticed a green ugly thing
  8752 | D:11     | Killed a green ugly thing
  8752 | D:11     | Reached skill level 13 in Long Blades
  9164 | D:11     | Noticed a deep elf mage
  9180 | D:11     | Killed a deep elf mage
  9558 | D:11     | Found a staircase to the Orcish Mines.
 10109 | D:12     | Found Tiyzxatie's Antique Armour Shop.
 10206 | D:12     | Noticed a two-headed ogre
 10214 | D:12     | Killed a two-headed ogre
 10316 | D:12     | Killed an unseen horror
 10316 | D:12     | Reached skill level 14 in Long Blades
 10316 | D:12     | Reached XP level 12. HP: 77/98 MP: 14/14
 10718 | D:13     | Noticed a centaur warrior
 11524 | Lair:1   | Noticed a four-headed hydra
 11594 | Lair:2   | Reached skill level 10 in Armour
 11713 | Lair:2   | Identified a +4 dagger of distortion (a +2 vampiric dagger
                  | corrupted by Lugonu)
 11713 | Lair:2   | Received a gift from Lugonu
 11747 | Lair:1   | Killed a four-headed hydra
 12280 | Lair:2   | Noticed a five-headed hydra
 12304 | Lair:2   | You fall through a shaft for 2 floors!
 12572 | Lair:3   | Learned a level 1 spell: Corona
 12795 | Lair:2   | Killed a five-headed hydra
 12795 | Lair:2   | Reached skill level 1 in Short Blades
 13038 | Lair:3   | Noticed Sonja
 13122 | Lair:3   | Found a staircase to the Swamp.
 13155 | Swamp:1  | Entered Level 1 of the Swamp
 13314 | Lair:3   | Found a hole to the Spider Nest.
 13422 | Lair:3   | Reached skill level 1 in Hexes
 13559 | Lair:3   | Got an ancient robe
 13570 | Lair:3   | Identified the +2 robe of Xohemm {rN+ Regen+ SInv} (You
                  | found it on level 3 of the Lair of Beasts)
 13627 | Lair:3   | Noticed Urug
 13639 | Lair:3   | Killed Urug
 13639 | Lair:3   | Reached XP level 13. HP: 106/106 MP: 11/15
 14102 | Lair:4   | Reached skill level 5 in Stealth
 14145 | Lair:4   | Reached skill level 1 in Spellcasting
 15736 | Lair:5   | Found a staircase to the Slime Pits.
 15754 | Slime:1  | Entered Level 1 of the Pits of Slime
 16326 | Lair:2   | Killed Sonja
 16526 | Lair:6   | Entered Level 6 of the Lair of Beasts
 16876 | Lair:6   | Paralysed by a hornet for 3 turns
 17027 | Lair:6   | Reached skill level 15 in Long Blades
 17526 | Lair:6   | Learned a level 5 spell: Silence
 17533 | Lair:6   | Learned a level 6 spell: Deflect Missiles
 17635 | Lair:6   | Reached skill level 10 in Shields
 17878 | Lair:6   | Found a stormy altar of Qazlal.
 17936 | Lair:6   | Reached skill level 1 in Charms
 17936 | Lair:6   | Gained mutation: You resist negative energy. (rN+) [Deep
                  | Dwarf growth]
 17936 | Lair:6   | Reached XP level 14. HP: 87/117 MP: 16/16
 18787 | Spider:1 | Entered Level 1 of the Spider Nest
 18911 | Spider:1 | Reached skill level 1 in Air Magic
 19020 | Spider:1 | Found a frozen archway.
 19034 | IceCv    | Entered an ice cave
 20266 | IceCv    | Killed from afar by a blizzard demon

Skill      XL: |  1  2  3  4  5  6  7  8  9 10 11 12 13 14 |
---------------+-------------------------------------------+-----
Long Blades    | 3 4 5 7 8 10 12 14 15 | 15.1
Invocations    | 3 4 5 |  5.8
Shields        | 1 2 3 4 5 6 7 8 10 | 10.3
Armour         | 3 5 6 7 9 11 | 11.8
Dodging        | 2 3 4 5 6 8 9 |  9.5
Throwing       | 2 3 4 |  4.1
Stealth        | 2 4 8 9 |  9.4
Short Blades   | 1 |  1.4
Hexes          | 1 3 |  3.4
Fighting       | 3 4 |  4.7
Spellcasting   | 3 |  3.5
Charms         | 1 2 |  2.2
Air Magic      | 1 |  1.4
Evocations     | |  0.4

Action                   |  1- 3 |  4- 6 |  7- 9 | 10-12 | 13-15 || total
-------------------------+-------+-------+-------+-------+-------++-------
Melee: Falchion          |   115 |   131 |   414 |  1315 |  1475 ||  3450
       Dagger            |       |       |       |    56 |   118 ||   174
Throw: Tomahawk          |       |       |    40 |    46 |    82 ||   168
 Cast: Corona            |       |       |       |       |     2 ||     2
Invok: Depart the Abyss  |     1 |       |       |       |       ||     1
       Bend Space        |       |     1 |     3 |     2 |     1 ||     7
       Brand Weapon With |       |       |       |     1 |       ||     1
 Abil: Heal Wounds       |     2 |     4 |     2 |     2 |    16 ||    26
Evoke: Fan of gales      |       |       |       |     1 |       ||     1
       Wand              |       |       |       |       |     6 ||     6
  Use: Scroll            |       |     8 |    15 |    12 |     4 ||    39
       Potion            |       |     3 |     4 |     7 |    12 ||    26
 Stab: Sleeping          |     1 |       |       |       |       ||     1
       Distracted        |       |       |     1 |       |     1 ||     2
  Eat: Ration            |     1 |     2 |     3 |    10 |    11 ||    27
Armor: Leather armour    |    23 |     3 |       |       |       ||    26
       Chain mail        |       |    40 |   199 |   449 |   525 ||  1213
       Skin              |       |       |       |     5 |    45 ||    50
Dodge: Dodged            |    49 |    37 |   143 |   457 |   688 ||  1374
Block: Buckler           |    13 |    18 |   115 |   293 |   447 ||   886
       Rpst.: Falchion   |    18 |    15 |    40 |   112 |   136 ||   321
